 Dungeon Crawl Stone Soup version 0.20-a0-1039-gf554463 (webtiles) character file.

3631 nubinia the Zephyrmancer (level 10, -14/55 HPs)
             Began as a Tengu Air Elementalist on Apr 22, 2017.
             Was an Initiate of Ashenzari.
             Killed from afar by nubinia's ghost (26 damage)
             ... with a stone arrow
             ... on level 8 of the Dungeon.
             The game lasted 00:58:19 (10729 turns).

nubinia the Zephyrmancer (Tengu Air Elementalist)  Turns: 10729, Time: 00:58:19

Health: -14/55     AC:  4    Str:  8    XL:     10   Next: 11%
Magic:  11/30      EV: 14    Int: 19    God:    Ashenzari [......]
Gold:   392        SH:  7    Dex: 15    Spells: 7/22 levels left

rFire    . . .     SeeInvis .   a - +2 mace (protect) (curse)
rCold    . . .     Gourm    .   U - +0 shield (curse)
rNeg     . . .     Faith    .   r - +1 robe
rPois    .         Spirit   .   (helmet restricted)
rElec    .         Reflect  .   i - +0 cloak
rCorr    .         Harm     .   (no gloves)
MR       +....                  (boots unavailable)
Stlth    +++.......             (no amulet)
Regen    0.2/turn               H - ring of magical power (curse)
MPRegen  0.3/turn               q - ring of protection from magic (curse)

@: flying quickly and evasively (expiring), quick
A: beak, talons 3, able to fly 1
a: Curse Item, Renounce Religion


You were on level 8 of the Dungeon.
You worshipped Ashenzari.
Ashenzari was noncommittal.
You were not hungry.

You visited 2 branches of the dungeon, and saw 9 of its levels.
You also visited: Ossuary.

You collected 392 gold pieces.

Inventory:

Hand Weapons
 a - a cursed +2 mace of protection (weapon)
 b - a +2 mace of venom
 h - a +2 morningstar of holy wrath
 k - a +1 flail of protection
 n - a +4 short sword
 B - a +0 blowgun
 M - a +0 dagger
 S - a +2 flail of holy wrath
Missiles
 P - 58 poisoned needles
Armour
 i - a +0 cloak (worn)
 r - a +1 robe (worn)
 N - a scarf of cold resistance
 T - a +1 leather armour of cold resistance
 U - a cursed +0 shield (worn)
Jewellery
 p - an uncursed ring of see invisible
 q - a cursed ring of protection from magic (right hand)
 H - a cursed ring of magical power (left hand)
 I - an uncursed ring of protection from fire
Wands
 v - a wand of iceblast (10/15)
 J - a wand of polymorph (10/24)
 L - a wand of iceblast (7/15)
 Q - a wand of iceblast (7/15)
 V - a wand of disintegration (14/24)
Scrolls
 d - 5 scrolls of amnesia
 s - a scroll of remove curse
 u - 6 scrolls of teleportation
 y - 3 scrolls of immolation {unknown}
 z - a scroll of brand weapon {unknown}
 A - a scroll of enchant armour
 D - 4 scrolls of identify
Potions
 e - 5 potions of lignification
 g - a potion of invisibility {unknown}
 j - a potion of haste {unknown}
 l - 2 potions of flight {unknown}
 m - 2 potions of resistance
 o - 2 potions of berserk rage
 t - a potion of might
 w - a potion of mutation
 x - 4 potions of curing
 C - a potion of degeneration {unknown}
 E - a potion of cancellation {unknown}
 O - a potion of brilliance {unknown}
 R - a potion of heal wounds {unknown}
Books
 G - a book of Air

   Spells                             Type                      Level
   a - Shock                          Conjuration/Air              1
   b - Swiftness                      Charms/Air                   2
   c - Static Discharge               Conjuration/Air              3
   d - Airstrike                      Air                          4
   e - Lightning Bolt                 Conjuration/Air              5
Comestibles
 c - 6 bread rations
 f - 11 fruits
 F - 10 chunks of flesh
 K - a meat ration


   Skills:
 + Level 2.9 Fighting
 + Level 0.2 Short Blades
 + Level 6.0 Maces & Flails
 + Level 4.7 Dodging
 + Level 3.8 Stealth
 * Level 0.8 Shields
 + Level 6.7 Spellcasting
 + Level 7.5 Conjurations
 + Level 10.0 Air Magic


You had 7 spell levels left.
You knew the following spells:

 Your Spells              Type           Power        Failure   Level  Hunger
a - Shock                 Conj/Air       ####         1%          1    None
b - Airstrike             Air            #####.....   10%         4    ####...
c - Static Discharge      Conj/Air       #####...     4%          3    ##.....
d - Lightning Bolt        Conj/Air       #####.....   43%         5    #####..
s - Swiftness             Chrm/Air       ####....     12%         2    None


Dungeon Overview and Level Annotations

Branches:
Dungeon (8/15)             Temple (1/1) D:5
   Lair: D:8-11

Altars:
Ashenzari
Cheibriados
Dithmenos
Elyvilon
Fedhas
Gozag
Hepliaklqana
Kikubaaqudgha
Makhleb
Nemelex Xobeh
Okawaru
Qazlal
Ru
Trog
Uskayaw
Vehumet
Wu Jian
Xom
Yredelemnul
Zin
The Shining One

Shops:
D:5 :

Annotations:
D:4 Dowan, Duvessa
D:8 nubinia's ghost, novice SpEE


Innate Abilities, Weirdness & Mutations

You have a beak for a mouth.
You have claws for feet.
You can fly.


Message History

The blast of sand misses you.
Items here: )) [ †† a +0 short sword; an uncursed chain mail; a +0 club; an orc corpse x2
Nubinia's ghost gestures at you while chanting.
The blast of sand misses you.
You see here 3 tomahawks.
Things that are here:
a +0 war axe; an uncursed leather armour; a tomahawk Nubinia's ghost casts a spell at you.
The stone arrow hits you!
* * * LOW HITPOINT WARNING * * *
You see here a tomahawk.
There is an open door here.
You reach down and close the door.
Nubinia's ghost opens the door.
You are starting to lose your buoyancy.
Nubinia's ghost ripples.
Nubinia's ghost gestures at you while chanting.
The stone arrow hits you!
You die...

.>...) #..# #.......# ..o..
#..# #.......# )....
#..#####().....#
#.......)#.....#
#.......(#.....#
#...####'#.....#
#...##..W#.....#
#...##...#.....#
#....'..@#.....######
#....#...#....^.....#
#...###'##..........#
#########...#...............#
.......##...+...............#
............#.....<.........#
.......####'#...............#
.......#....................#
########....................#


You could see nubinia's ghost.

Vanquished Creatures
  Grinder (D:3)
  A hippogriff (D:7)
  Edmund (D:4)
  Menkaure (D:4)
  A black bear (D:8)
  2 orc warriors
  2 ogres
  A phantom (D:7)
  A centaur (D:5)
  An elf zombie (Ossuary)
  A big kobold (D:7)
  5 bullfrogs
  2 gnoll sergeants
  A wyvern skeleton (D:6)
  2 scorpions (D:7)
  3 howler monkeys
  2 crimson imps (D:5)
  2 centaur zombies (Ossuary)
  2 bullfrog zombies
  A quasit (D:5)
  2 hounds
  A human zombie (Ossuary)
  A jelly (D:7)
  A centaur skeleton (D:7)
  2 orc priests
  6 orc wizards
  3 bullfrog skeletons
  Terence (D:2)
  2 iguanas
  Natasha (D:3)
  3 worker ants
  3 ogre zombies (Ossuary)
  A big kobold zombie (Ossuary)
  A hound zombie (D:6)
  A hound skeleton (D:4)
  7 mummies (Ossuary)
  3 worker ant zombies
  11 adders
  21 gnolls
  2 shadow imps
  3 adder zombies (Ossuary)
  2 worms (D:2)
  2 dart slugs (D:2)
  5 leopard geckos
  36 orcs
  4 giant cockroaches
  11 hobgoblins
  4 quokkas
  A ball python (D:4)
  4 bats
  5 frilled lizards
  A gnoll zombie (Ossuary)
  7 goblins
  7 goblin zombies
  2 hobgoblin zombies (Ossuary)
  10 kobolds
  4 kobold zombies (Ossuary)
  A leopard gecko zombie (D:8)
  6 quokka zombies (Ossuary)
  5 rats
  A rat zombie (Ossuary)
227 creatures vanquished.

Notes
Turn   | Place    | Note
-------+----------+-------------------------------------------
     0 | D:1      | nubinia the Tengu Air Elementalist began the quest for the Orb.
     0 | D:1      | Reached XP level 1. HP: 10/10 MP: 4/4
   300 | D:1      | Found a sparkling altar of Nemelex Xobeh.
   403 | D:1      | Reached XP level 2. HP: 14/15 MP: 3/6
   474 | D:1      | Learned a level 2 spell: Swiftness
  1163 | D:2      | Reached XP level 3. HP: 19/19 MP: 2/7
  1168 | D:2      | Learned a level 3 spell: Static Discharge
  1672 | D:2      | Noticed Terence
  1832 | D:2      | Killed Terence
  1832 | D:2      | Reached XP level 4. HP: 24/24 MP: 1/9
  2565 | D:3      | Reached skill level 5 in Air Magic
  2565 | D:3      | Gained mutation: You can fly. [Tengu growth]
  2565 | D:3      | Reached XP level 5. HP: 15/28 MP: 2/10
  3138 | D:3      | Noticed Grinder
  3142 | D:3      | Noticed Natasha
  3154 | D:3      | Killed Natasha
  3202 | D:3      | Learned a level 4 spell: Airstrike
  3373 | D:3      | Reached skill level 1 in Maces & Flails
  3839 | D:4      | Reached XP level 6. HP: 32/32 MP: 1/12
  3953 | D:4      | Found a stormy altar of Qazlal.
  4333 | D:4      | Noticed Duvessa
  4333 | D:4      | Noticed Dowan
  4333 | D:4      | Noticed Edmund
  4442 | D:4      | Noticed Menkaure
  4484 | D:4      | Reached skill level 6 in Air Magic
  4484 | D:4      | Reached XP level 7. HP: 37/37 MP: 7/14
  4846 | D:4      | Found a sacrificial altar of Ru.
  5067 | D:5      | Entered Level 5 of the Dungeon
  5185 | D:5      | Found Uboeff's Book Emporium.
  5318 | D:5      | Found a staircase to the Ecumenical Temple.
  5467 | D:5      | Found a sand-covered staircase.
  5476 | Ossuary  | Entered an ossuary
  5859 | Ossuary  | Reached skill level 1 in Fighting
  5935 | Ossuary  | Reached skill level 5 in Conjurations
  5961 | Ossuary  | Reached XP level 8. HP: 43/43 MP: 8/16
  6392 | Ossuary  | Reached skill level 7 in Air Magic
  6930 | Temple   | Entered the Ecumenical Temple
  7201 | D:6      | Reached skill level 5 in Spellcasting
  7459 | D:6      | Found a hide-covered altar of Uskayaw.
  7711 | D:6      | Learned a level 5 spell: Lightning Bolt
  7788 | D:6      | Found a shattered altar of Ashenzari.
  8047 | D:5      | Reached skill level 8 in Air Magic
  8280 | D:6      | Reached XP level 9. HP: 48/48 MP: 18/18
  8810 | D:7      | Reached skill level 5 in Maces & Flails
  8810 | D:7      | Reached skill level 9 in Air Magic
  9095 | D:7      | Found a basalt altar of Yredelemnul.
  9863 | D:4      | Killed Menkaure
  9926 | D:4      | Killed Edmund
  9987 | D:3      | Killed Grinder
 10205 | D:6      | Became a worshipper of Ashenzari the Shackled
 10286 | D:8      | Reached XP level 10. HP: 50/54 MP: 16/21
 10301 | D:8      | Found a glowing golden altar of the Shining One.
 10336 | D:8      | Found an iron altar of Okawaru.
 10464 | D:8      | Reached skill level 10 in Air Magic
 10707 | D:8      | Noticed nubinia's ghost (novice SpEE)
 10729 | D:8      | Killed from afar by nubinia's ghost

Vault maps used:
D:1:      lemuel_arrival_lava_pool, nemelex_xobeh_ov_fountains_minmay
D:2:      uniq_terence
D:3:      uniq_grinder, uniq_natasha
D:4:      old_standard_altar, nicolae_overflow_hidden_temple, uniq_menkaure,
          uniq_duvessa, uniq_edmund
D:5:      minmay_temple_entry_enclosed_plants, enter_ossuary_4, serial_shops,
          shop, first_bread
D:6:      eat_drink_and_be_merry_uskayaw, lemuel_doored_altar
D:7:      kennysheep_mini
D:8:      nicolae_overflow_crystal_walls, old_standard_altar, basic_altar,
          special_room
Temple:   eino_narrow_crystal_temple
Ossuary:  ossuary_boxes_badplayer

Skill      XL: |  1  2  3  4  5  6  7  8  9 10 |
---------------+-------------------------------+-----
Conjurations   | 2 3 4 5 7 |  7.5
Spellcasting   | 3 4 5 6 |  6.7
Air Magic      | 5 6 8 9 10 | 10.0
Maces & Flails | 1 2 4 5 6 |  6.0
Stealth        | 3 |  3.8
Fighting       | 1 2 |  2.9
Dodging        | 3 4 |  4.7
Short Blades   | |  0.2
Shields        | |  0.8

Action                   |  1- 3 |  4- 6 |  7- 9 | 10-12 || total
-------------------------+-------+-------+-------+-------++-------
Melee: Unarmed           |     5 |       |       |       ||     5
       Dagger            |     3 |       |       |       ||     3
       Mace              |     6 |    59 |   218 |    42 ||   325
       Kick              |     2 |    10 |    63 |     8 ||    83
       Peck              |       |     7 |    46 |     4 ||    57
       Flail             |       |       |    68 |       ||    68
 Fire: Blowgun           |       |       |     2 |       ||     2
 Cast: Shock             |    49 |   117 |   268 |    35 ||   469
       Static Discharge  |       |     2 |    19 |     2 ||    23
       Airstrike         |       |     1 |    13 |     4 ||    18
Invok: Curse Item        |       |       |     4 |       ||     4
 Abil: Fly               |       |     9 |    24 |     3 ||    36
  Use: Potion            |     1 |       |     3 |       ||     4
       Scroll            |       |     4 |     8 |       ||    12
 Stab: Sleeping          |     1 |       |     6 |       ||     7
  Eat: Chunk             |     3 |    10 |    18 |     3 ||    34
       Meat ration       |       |       |     1 |       ||     1
       Royal jelly       |       |       |     1 |       ||     1
Armor: Robe              |     2 |    15 |    77 |    12 ||   106
Dodge: Dodged            |    10 |    62 |   213 |    36 ||   321
Block: Shield            |       |       |     4 |    15 ||    19
